 Dungeon Crawl Stone Soup version 0.22-a0-608-g8a62e23 (webtiles) character file.

5000 royokou the Severer (level 10, -13/81 HPs)
             Began as a Minotaur Berserker on July 10, 2018.
             Was a High Priest of Trog.
             Mangled by a two-headed ogre
             ... wielding a cursed -2 giant club
              (19 damage)
             ... on level 8 of the Dungeon.
             The game lasted 00:23:18 (8035 turns).

royokou the Severer (Minotaur Berserker)            Turns: 8035, Time: 00:23:19

Health: -13/81     AC: 12    Str: 26    XL:     10   Next: 29%
Magic:  9/9        EV:  8    Int:  4    God:    Trog [*****.]
Gold:   253        SH:  0    Dex: 15    Spells: 9/9 levels left

rFire    . . .     SeeInvis .   r - +5 battleaxe (chop)
rCold    . . .     Gourm    .   (shield currently unavailable)
rNeg     . . .     Faith    +   d - +0 plate armour
rPois    .         Spirit   .   (helmet restricted)
rElec    .         Reflect  .   (no cloak)
rCorr    .         Harm     .   (no gloves)
MR       .....                  (no boots)
Stlth    ..........             s - amulet of faith
HPRegen  0.23/turn              t - +4 ring of strength
MPRegen  0.11/turn              l - +2 ring of dexterity

@: berserk cooldown, slowed, very slow
A: retaliatory headbutt, horns 2
a: Berserk, Trog's Hand, Brothers in Arms, Renounce Religion


You were on level 8 of the Dungeon.
You worshipped Trog.
Trog was extremely pleased with you.
You were very hungry.

You visited 1 branch of the dungeon, and saw 8 of its levels.
You also visited: Ossuary.

You collected 463 gold pieces.
You spent 210 gold pieces at shops.

Inventory:

Hand Weapons
 r - a +5 battleaxe of chopping (weapon)
 E - a +4 antimagic great sword
Armour
 d - a +0 plate armour (worn)
Jewellery
 i - an uncursed ring of stealth
 l - a +2 ring of dexterity (right hand)
 s - an amulet of faith (around neck)
 t - a +4 ring of strength (left hand)
 u - an uncursed ring of flight
 x - an uncursed ring of see invisible
 y - a +3 amulet of reflection {unknown}
Wands
 b - a wand of iceblast (11)
 w - a wand of polymorph (18)
Scrolls
 a - 2 scrolls of enchant armour
 e - 5 scrolls of teleportation
 j - 9 scrolls of remove curse
 k - 2 scrolls of fear
 q - 3 scrolls of magic mapping
 v - 2 scrolls of blinking
Potions
 g - a potion of agility
 h - 3 potions of heal wounds
 m - 4 potions of degeneration
 n - 2 potions of cancellation
 o - 4 potions of curing
 p - 3 potions of lignification
 z - 4 potions of ambrosia
 A - a potion of haste
 B - a potion of berserk rage
 C - a potion of flight {unknown}
Comestibles
 c - 8 rations


   Skills:
 + Level 5.5 Fighting
 * Level 16.3 Axes
 + Level 4.7 Armour
 - Level 2.1 Dodging


You had 9 spell levels left.
You didn't know any spells.
Your spell library was empty.

Dungeon Overview and Level Annotations

Branches:
Dungeon (8/15)             Temple (0/1) D:7            Lair (0/6) D:8

Altars:
Ashenzari
Elyvilon
Kikubaaqudgha
Nemelex Xobeh
Qazlal
Ru
Vehumet
Yredelemnul

Shops:
D:4 ?

Annotations:
D:2 1 runed door


Innate Abilities, Weirdness & Mutations

You reflexively headbutt those who attack you in melee.
You have a pair of horns on your head.


Message History

The two-headed ogre hits you with a giant club! x2
You feel your anger nearly subside.
You are no longer berserk.
You are exhausted.
You feel yourself slow down.
The two-headed ogre hits you but does no damage.
The two-headed ogre hits you with a giant club!
The two-headed ogre hits you with a giant club!
The two-headed ogre hits you with a giant club.
* * * LOW HITPOINT WARNING * * *
Okay, then.
The two-headed ogre hits you with a giant club!
* * * LOW HITPOINT WARNING * * *
The two-headed ogre hits you with a giant club.
* * * LOW HITPOINT WARNING * * *
The jackal bites you.
* * * LOW HITPOINT WARNING * * *
The jackal bites you but does no damage.
The two-headed ogre barely misses you.
The two-headed ogre hits you with a giant club!!
You die...

#.# #.##†### #.# #.......
##.## ####.### ##...######
#.# #........<######.#
#######.>.####........#
........h## ##########
########O# #@# #.# #.# #.#
### #.# ##.## #.# ##.#.##
#.#
##.###.#########.###########
#.## ##........#.#..)).....#


You could see a two-headed ogre and a jackal.

Vanquished Creatures
  2 rust devils (D:5)
  Grinder (D:3)
  Eustachio (D:5)
  Edmund (D:4)
  Duvessa (D:7)
  2 sky beasts
  3 ice beasts
  3 orc warriors
  5 ogres
  3 phantoms
  A centaur (D:5)
  3 bullfrogs
  3 scorpions
  Dowan (D:7)
  5 wights
  2 howler monkeys
  2 crimson imps (D:6)
  A bullfrog zombie (Ossuary)
  2 centaur zombies (Ossuary)
  A hound (D:4)
  2 jellies
  13 orc wizards
  An orc priest (D:5)
  A bullfrog skeleton (D:6)
  2 iguanas
  A gnoll shaman (D:7)
  A human skeleton (D:2)
  4 worker ants
  5 hound zombies
  2 hound skeletons
  15 mummies (Ossuary)
  2 worker ant zombies
  Robin (D:2)
  13 gnolls
  10 adders
  4 oozes
  An adder zombie (Ossuary)
  3 worms
  4 dart slugs
  4 leopard geckos
  19 orcs
  2 ball pythons
  6 giant cockroaches
  15 goblins
  12 hobgoblins
  14 jackals
  6 kobolds
  9 quokkas
  4 bats
  6 frilled lizards
  A jackal skeleton (D:2)
  2 leopard gecko zombies (Ossuary)
  2 quokka skeletons
  4 quokka zombies
  6 rats
240 creatures vanquished.

Vanquished Creatures (others)
  A quokka (D:5)
  A withered plant (Ossuary)
2 creatures vanquished.

Grand Total: 242 creatures vanquished

Notes
Turn   | Place    | Note
-------+----------+-------------------------------------------
     0 | D:1      | royokou the Minotaur Berserker began the quest for the Orb.
     0 | D:1      | Reached XP level 1. HP: 19/19 MP: 0/0
    38 | D:1      | Reached skill level 4 in Axes
   190 | D:1      | Reached XP level 2. HP: 26/26 MP: 1/1
   602 | D:1      | Reached skill level 5 in Axes
   805 | D:1      | Reached XP level 3. HP: 31/31 MP: 2/2
  1019 | D:2      | Noticed Robin
  1027 | D:2      | Reached ** piety under Trog
  1030 | D:2      | Killed Robin
  1033 | D:2      | Reached XP level 4. HP: 36/39 MP: 3/3
  1033 | D:2      | Reached skill level 6 in Axes
  1133 | D:2      | Noticed a human
  1134 | D:2      | Found a runed door.
  1140 | D:2      | Found a basalt altar of Yredelemnul.
  1213 | D:2      | Found a faded altar of an unknown god.
  1721 | D:3      | Noticed Grinder
  1721 | D:3      | Noticed an ogre
  1800 | D:3      | Killed an ogre
  1800 | D:3      | Reached skill level 7 in Axes
  1800 | D:3      | Reached XP level 5. HP: 45/45 MP: 4/4
  1858 | D:3      | Killed Grinder
  1858 | D:3      | Reached skill level 9 in Axes
  1858 | D:3      | Reached XP level 6. HP: 51/51 MP: 5/5
  1942 | D:3      | Found a shattered altar of Ashenzari.
  2223 | D:3      | Reached *** piety under Trog
  2365 | D:4      | Noticed Edmund
  2374 | D:4      | Killed Edmund
  2374 | D:4      | Reached XP level 7. HP: 57/57 MP: 6/6
  2445 | D:4      | Reached skill level 10 in Axes
  2942 | D:4      | Found Apnuricveg's Magic Scroll Shoppe.
  2948 | D:4      | Bought a scroll of remove curse for 30 gold pieces
  2948 | D:4      | Bought a scroll of enchant weapon for 75 gold pieces
  2948 | D:4      | Bought a scroll of blinking for 75 gold pieces
  2948 | D:4      | Bought a scroll of teleportation for 30 gold pieces
  3252 | D:5      | Entered Level 5 of the Dungeon
  3406 | D:5      | Found a sacrificial altar of Ru.
  3491 | D:5      | Reached skill level 11 in Axes
  3563 | D:5      | Reached XP level 8. HP: 53/64 MP: 7/7
  3656 | D:5      | Found a stormy altar of Qazlal.
  3713 | D:5      | Found an ancient bone altar of Kikubaaqudgha.
  3854 | D:5      | Found a basalt altar of Yredelemnul.
  3854 | D:5      | Found a radiant altar of Vehumet.
  3865 | D:5      | Reached **** piety under Trog
  3893 | D:5      | Reached skill level 12 in Axes
  4197 | D:5      | Found a white marble altar of Elyvilon.
  4454 | D:5      | Found a sparkling altar of Nemelex Xobeh.
  4831 | D:5      | Noticed Eustachio
  4836 | D:5      | Killed Eustachio
  4958 | D:6      | Reached skill level 13 in Axes
  5286 | D:6      | Reached XP level 9. HP: 54/70 MP: 8/8
  5378 | D:6      | Reached ***** piety under Trog
  5566 | D:6      | Reached skill level 14 in Axes
  5644 | D:5      | Noticed a rust devil
  5644 | D:5      | Noticed a rust devil
  5655 | D:5      | Killed a rust devil
  5660 | D:5      | Killed a rust devil
  5660 | D:5      | Reached skill level 15 in Axes
  6180 | D:6      | Received a gift from Trog
  6457 | D:7      | Found a staircase to the Ecumenical Temple.
  6875 | D:7      | Reached XP level 10. HP: 80/80 MP: 9/9
  6892 | D:7      | Noticed Duvessa
  6893 | D:7      | Noticed Dowan
  6896 | D:7      | Killed Duvessa
  6896 | D:7      | Reached skill level 16 in Axes
  6898 | D:7      | Killed Dowan
  7342 | D:8      | Found a sand-covered staircase.
  7347 | Ossuary  | Entered an ossuary
  7391 | Ossuary  | Reached skill level 5 in Fighting
  7514 | Ossuary  | Received a gift from Trog
  7839 | D:8      | Found a staircase to the Lair.
  8003 | D:8      | Noticed a two-headed ogre
  8030 | D:8      | HP: 4/81 [jackal (1)]
  8035 | D:8      | Mangled by a two-headed ogre

Vault maps used:
D:1:      dpeg_arrival_pits
D:2:      chequers_ecumenical_altar_simple_redux, first_ration,
          dk_yredelemnul_ordeal, uniq_robin
D:3:      nicolae_ashenzari_panopticon, uniq_grinder
D:4:      serial_shops, shop, minmay_ruptured, uniq_edmund
D:5:      cheibrodos_iron_armory, grunt_temple_overflow_open,
          chequers_temple_overflow_statue_of_worship, elyvilon_altar_4,
          basic_altar, lemuel_tele_altar, uniq_eustachio
D:6:      minmay_flawed_box, kennysheep_generic_room_10
D:7:      minmay_temple_entry_large_hall, uniq_duvessa
D:8:      tgw_xom, lair_entry_dummy, nicolae_ossuary_entry_false_entrances,
          grunt_livestock, grunt_ministairs_9
Ossuary:  ossuary_zaba_flooded

Skill      XL: |  1  2  3  4  5  6  7  8  9 10 |
---------------+-------------------------------+-----
Axes           | 4 5 7 9 11 13 15 16 | 16.3
Fighting       | 4 5 |  5.5
Armour         | 3 4 |  4.7
Dodging        | |  2.1

Action                   |  1- 3 |  4- 6 |  7- 9 | 10-12 || total
-------------------------+-------+-------+-------+-------++-------
Melee: Hand axe          |    57 |    70 |   276 |       ||   403
       Headbutt          |     5 |    13 |    72 |    19 ||   109
       Battleaxe         |       |       |    63 |    93 ||   156
Invok: Berserk           |     3 |     3 |     7 |     1 ||    14
       Trog's Hand       |       |       |     1 |     1 ||     2
  Use: Scroll            |       |       |    15 |     7 ||    22
 Stab: Distracted        |       |       |       |     1 ||     1
  Eat: Chunk             |     2 |     7 |    15 |     1 ||    25
       Ration            |       |       |     2 |     1 ||     3
Armor: Animal skin       |     4 |       |       |       ||     4
       Chain mail        |    13 |    25 |    93 |       ||   131
       Plate armour      |       |       |    26 |    28 ||    54
Dodge: Dodged            |    30 |    23 |    90 |    25 ||   168

Table legend:
 A = Spawn XP
 B = Non-spawn XP
 C = Spawn XP percentage of total XP
 D = Spawn monster count
 E = Non-spawn monster count
 F = Spawn count percentage of total count
 G = Total turns spent on level
                    A         B        C        D         E        F      G
               +---------+---------+-------+---------+---------+-------+---------
         Total |       0 |    7143 |   0.0 |       0 |     240 |   0.0 |  8035
               +---------+---------+-------+---------+---------+-------+---------
           D:1 |       0 |      42 |   0.0 |       0 |      21 |   0.0 |   979
           D:2 |       0 |     113 |   0.0 |       0 |      31 |   0.0 |   771
           D:3 |       0 |     493 |   0.0 |       0 |      24 |   0.0 |   615
           D:4 |       0 |     333 |   0.0 |       0 |      20 |   0.0 |   909
           D:5 |       0 |    2442 |   0.0 |       0 |      40 |   0.0 |  1867
           D:6 |       0 |    1571 |   0.0 |       0 |      39 |   0.0 |  1265
           D:7 |       0 |     927 |   0.0 |       0 |      22 |   0.0 |   723
           D:8 |       0 |     584 |   0.0 |       0 |      14 |   0.0 |   568
       Ossuary |       0 |     638 |   0.0 |       0 |      29 |   0.0 |   338
               +---------+---------+-------+---------+---------+-------+---------
